 Dungeon Crawl Stone Soup version 0.32-a0-893-gf85d74f360 (webtiles) character file.

Game seed: 11247661825120653985

484 pokedragonboy the Trooper (level 7, -3/76 HPs)
             Began as an Oni Gladiator on Apr 3, 2024.
             Slain by Grinder (8 damage)
             ... on level 4 of the Dungeon.
             The game lasted 00:06:15 (3269 turns).

pokedragonboy the Trooper (Oni Gladiator)           Turns: 3269, Time: 00:06:19

Health: -3/76      AC:  3    Str: 25    XL:     7   Next: 12%
Magic:  7/7        EV:  9    Int:  8    God:
Gold:   186        SH:  9    Dex:  9    Spells: 6/6 levels left

rFire   . . .        a - +0 war axe
rCold   . . .        (no shield)
rNeg    . . .        b - +0 robe
rPois   .            c - +0 hat
rElec   .            (no cloak)
rCorr   .            (gloves unavailable)
SInv    .            (boots unavailable)
Will    .....        p - amulet of reflection
Stlth   +            i - ring of flight
HPRegen 0.32/turn    (no ring)
MPRegen 0.10/turn

%: reflection
@: flying
A: large, unfitting armour, horns 1, tough skin 1, double potion healing,
drunken brawling, large bone plates 1, strong 1
a: no special abilities


You were on level 4 of the Dungeon.
You visited 1 branch of the dungeon, and saw 4 of its levels.

You collected 186 gold pieces.

Inventory:

Hand Weapons
 a - a +0 war axe (weapon)
Missiles
 d - 3 throwing nets (quivered)
 e - 4 large rocks
Armour
 b - a +0 robe (worn)
 c - a +0 hat (worn)
 r - an orb of guile
Jewellery
 i - a ring of flight (left hand)
 p - an amulet of reflection (around neck)
Wands
 q - a wand of warping (8)
Scrolls
 f - a scroll of fog {unknown}
 g - 2 scrolls of amnesia
 h - a scroll of identify
 k - a scroll of brand weapon {unknown}
 l - a scroll of enchant weapon {unknown}
 m - a scroll of poison
 n - a scroll of revelation {unknown}
 o - a scroll of torment
 s - a scroll of blinking {unknown}
 t - a scroll of fear {unknown}
 v - a scroll of immolation {unknown}
Potions
 j - a potion of attraction
 u - a potion of mutation


   Skills:
 * Level 6.6 Fighting
 * Level 5.4 Axes
 - Level 2.0 Throwing
 + Level 3.9 Dodging


You had 6 spell levels left.
You didn't know any spells.
Your spell library contained the following spells:

 Spells                   Type           Power      Damage    Failure   Level
 Teleport Other           Tloc           0%         N/A       78%         3
 Dispersal                Tloc           0%         N/A       100%        6
 Gell's Gavotte           Tloc           0%         2d(11-16) 100%        6


Dungeon Overview and Level Annotations

Branches:
Dungeon (4/15)
 Temple: D:4-7

Altars:
Ru
Zin

Annotations:
D:4 Grinder


Innate Abilities, Weirdness & Mutations

You are too large for most types of armour.
You have a pair of small horns on your head.
You have tough skin. (AC +1)
You gain doubled healing and magic from potions.
Whenever you drink a healing potion, you attack all around you.
You are partially covered in large bone plates. (SH +4)
Your muscles are strong. (Str +4, Int/Dex -1)


Message History

The scorpion stings you.
You slash the scorpion! You headbutt the scorpion.
You kill the scorpion!
You have reached level 7!
You reach down and open the door.
Grinder and a goblin come into view.
Grinder shouts!
An iguana comes into view.
The goblin shouts!
There is an open door here.
Okay, then.
Okay, then.
Grinder gestures at you. Pain shoots through your body!
You closely miss Grinder. Grinder hits you!
You writhe in agony.
You barely miss Grinder.
Grinder says, "DUCK!"
Grinder hits you.
You hit Grinder.
Grinder is lightly wounded.
Grinder hits you.
You writhe in agony.
Grinder gestures at you.
You suddenly lose the ability to move!
Grinder says, "There's only one good use for a tongue: cutting it out."
Grinder hits you! Grinder hits you.
You writhe in agony.
Grinder hits you!
You writhe in agony.
* * * LOW HITPOINT WARNING * * *
Grinder hits you!
* * * LOW HITPOINT WARNING * * *
You writhe in agony.
* * * LOW HITPOINT WARNING * * *
You can move again.
As you read the scroll labelled MAJIXEITARCH, it crumbles to dust.
Your body is wracked with pain!
* * * LOW HITPOINT WARNING * * *
The goblin convulses!
The iguana convulses!
It was a scroll of torment.
Grinder hits you!
You die...
Grinder says, "Hey, I wasn't done torturing you yet!"

#.## ##.#.#####
#..####.........
##.##......#####
#.#..###### # #...## #
#>### # ####### #.# #
.......####.#############
......g5@...............)
......l####.#############
...########.# #........ #
#....# #.####### #....#
#.# # #....# #.# # #..††#
#.# # ####.# #.# # #.#
#.# #


You could see Grinder, an iguana and a goblin.

Vanquished Creatures
  Eustachio (D:4)
  A scorpion (D:4)
  A hound (D:4)
  An orc priest (D:3)
  Natasha (D:4)
  3 adders (D:2)
  10 gnolls
  3 dart slugs
  2 ribbon worms
  3 orcs (D:3)
  4 ball pythons
  10 endoplasms
  A giant cockroach (D:1)
  6 goblins
  3 hobgoblins
  3 quokkas
  7 bats
  2 frilled lizards
  7 kobolds
  4 rats
73 creatures vanquished.

Notes
Turn   | Place    | Note
-------+----------+-------------------------------------------
     0 | D:1      | pokedragonboy the Oni Gladiator began the quest for the
                  | Orb.
     0 | D:1      | Reached XP level 1. HP: 22/22 MP: 1/1
    73 | D:1      | Reached skill level 3 in Fighting
    74 | D:1      | Reached XP level 2. HP: 31/31 MP: 2/2
   534 | D:2      | Reached XP level 3. HP: 35/37 MP: 3/3
  1030 | D:2      | Reached skill level 4 in Fighting
  1160 | D:2      | Reached XP level 4. HP: 48/48 MP: 4/4
  1779 | D:3      | HP: 1/48 [gnoll/+0 spear (2)]
  1780 | D:3      | Gained mutation: Your muscles are strong. (Str +4, Int/Dex
                  | -1) [potion of mutation]
  1780 | D:3      | Gained mutation: You are partially covered in large bone
                  | plates. (SH +4) [potion of mutation]
  2122 | D:3      | Found a glowing silver altar of Zin.
  2325 | D:3      | Reached XP level 5. HP: 29/55 MP: 5/5
  2613 | D:4      | Reached skill level 5 in Fighting
  2619 | D:4      | HP: 1/57 [gnoll/+0 halberd (10)]
  2938 | D:4      | Found a sacrificial altar of Ru.
  2970 | D:4      | Noticed Eustachio
  2991 | D:4      | Killed Eustachio
  2992 | D:4      | Reached skill level 6 in Fighting
  2992 | D:4      | Reached skill level 5 in Axes
  2992 | D:4      | Reached XP level 6. HP: 45/67 MP: 6/6
  3229 | D:4      | Noticed Natasha
  3233 | D:4      | Killed Natasha
  3239 | D:4      | Reached XP level 7. HP: 73/76 MP: 7/7
  3256 | D:4      | Noticed Grinder
  3264 | D:4      | Paralysed by Grinder for 5 turns
  3269 | D:4      | Slain by Grinder

Illustrated notes

Levels and vault maps discovered:
D:1:      lightli_arrival_lavapool, layout_rooms
D:2:      layout_basic
D:3:      layout_loops_cross, mainiacjoe_overflow_alcove_1
D:4:      layout_basic, mainiacjoe_overflow_boulevard, uniq_natasha,
          uniq_eustachio, uniq_grinder

Skill      XL: |  1  2  3  4  5 |
---------------+----------------+-----
Fighting       | 3 4 6 |  6.6
Dodging        | 3 |  3.9
Axes           | 4 5 |  5.4
Throwing       | |  2.0

Action                     |  1- 3 |  4- 6 |  7- 9 || total
---------------------------+-------+-------+-------++-------
  Melee: War axe           |    66 |    97 |     3 ||   166
         Headbutt          |     6 |    19 |       ||    25
    Use: Scroll            |       |     4 |     1 ||     5
         Potion            |       |     3 |       ||     3
   Stab: Sleeping          |     3 |     1 |       ||     4
 Armour: Robe              |    55 |    64 |     8 ||   127
  Dodge: Dodged            |    38 |    59 |       ||    97
  Block: Other             |       |    26 |       ||    26
         Reflection        |       |     2 |       ||     2

Table legend: (Time is in decaauts)
 A = Elapsed time spent in this place.
 B = Non-inter-level travel time spent in this place.
 C = Inter-level travel time spent in this place.
 D = Time resting spent in this place.
 E = Time spent auto-exploring this place.
 F = Levels seen in this place.
 G = Mean time per level.
                   A        B        C        D        E       F      G
               +--------+--------+--------+--------+--------+-----+--------+
         Total |   3317 |   3197 |    120 |    668 |   2019 |   4 |  829.2 |
       Dungeon |   3317 |   3197 |    120 |    668 |   2019 |   4 |  829.2 |
               +--------+--------+--------+--------+--------+-----+--------+

Top non-repeatable levels by time:
     D:2: 1302 daAuts
     D:4: 749 daAuts
     D:3: 744 daAuts
     D:1: 520 daAuts
